 Dungeon Crawl Stone Soup version 0.29.1-1-gd02db6906a (webtiles) character file.

Game seed: 16153105964095391768

78 TDK the Ducker (level 4, -5/31 HPs)
             Began as a Djinni Fire Elementalist on Sept 28, 2022.
             Slain by an orc wizard
             ... wielding a +3 dagger
              (6 damage)
             ... on level 3 of the Dungeon.
             The game lasted 00:14:08 (2544 turns).

TDK the Ducker (Djinni Fire Elementalist)           Turns: 2544, Time: 00:14:09

Health: -5/31      AC:  2    Str:  7    XL:     4   Next: 61%
Gold:   92         EV: 13    Int: 18    God:
                   SH:  0    Dex: 14

rFire   + + .      SeeInvis .   i - +0 short sword
rCold   x . .      Faith    .   (no shield)
rNeg    . . .      Spirit   .   a - +0 robe
rPois   ∞          Reflect  .   (no helmet)
rElec   .          Harm     .   (no cloak)
rCorr   .          Rampage  .   (no gloves)
Will    .....                   (boots unavailable)
Stlth   ++........              q - amulet of magic regeneration
HPRegen 0.10/turn               r - ring of poison resistance
MPRegen 0.00/turn               (no ring)

@: flying, very slightly contaminated
A: sickness immunity, fire resistance 2, cold vulnerability 1, float, innate
caster, HP casting, extra vitality 1
a: no special abilities


You were on level 3 of the Dungeon.
You visited 1 branch of the dungeon, and saw 3 of its levels.

You collected 92 gold pieces.

Inventory:

Hand Weapons
 d - a +0 dagger
 i - a +0 short sword (weapon)
Missiles
 b - 20 stones (quivered)
 o - 2 throwing nets
Armour
 a - a +0 robe (worn)
 m - a +0 leather armour
Jewellery
 q - an amulet of magic regeneration (around neck)
 r - a ring of poison resistance (left hand)
Scrolls
 e - a scroll of immolation {unknown}
 h - 2 scrolls of magic mapping {unknown}
 j - a scroll of summoning {unknown}
 p - a scroll of noise {unknown}
 s - a scroll of teleportation {unknown}
Potions
 c - 2 potions of brilliance {unknown}
 f - a potion of curing {unknown}
 g - 2 potions of magic
 k - 2 potions of flight
 l - a potion of berserk rage {unknown}
 n - 2 potions of resistance {unknown}
 t - a potion of cancellation {unknown}


   Skills:
 + Level 3.1 Dodging
 - Level 2.5 Stealth
 * Level 3.0 Spellcasting
 * Level 0.4 Invocations
 * Level 0.4 Evocations


You couldn't memorise any spells.
You knew the following spells:

 Your Spells              Type           Power      Damage    Failure   Level
a - Foxfire               Conj/Fire      52%        2x1d6     4%          1
b - Scorch                Fire           26%        2d6       7%          2
c - Conjure Flame         Conj/Fire      13%        6-21      14%         3
d - Inner Flame           Hex/Fire       13%        N/A       14%         3
e - Flame Wave            Conj/Fire      13%        2d6       43%         4
f - Slow                  Hex            52%        N/A       4%          1
Your spell library was empty.

Dungeon Overview and Level Annotations

Branches:
Dungeon (3/15)

Altars:


Innate Abilities, Weirdness & Mutations

You are immune to sickness and miasma.
You are immune to poison.
Your flesh is very heat resistant. (rF++)
You are vulnerable to cold. (rC-)
You float through the air rather than walking.
You learn spells naturally, not from books.
Your magical power is your life essence.
You have superior vitality. (+4 MHP)


Message History

The orc wizard smothers the flame.
Casting: Conjure Flame (quite dangerous; 14% risk of failure)
Confirm with . or Enter, or press ? or * to list all spells.
The spell is quite dangerous to miscast (14% risk of failure)!
Continue anyway?
The fire begins to smoulder!
* * * LOW HITPOINT WARNING * * *
The orc wizard hits you with a +3 dagger.
* * * LOW HITPOINT WARNING * * *
The orc wizard smothers the flame.
You have no magic to restore.
Casting: Conjure Flame (quite dangerous; 14% risk of failure)
Confirm with . or Enter, or press ? or * to list all spells.
The spell is astonishingly dangerous to miscast (43% risk of failure)!
Continue anyway?
Casting: Flame Wave (astonishingly dangerous; 43% risk of failure)
Press: ? - help, Dir - look around, f - activate Look: an orc wizard, wielding a +3 dagger and wearing a +0 robe (moderately wounded)
You miscast Flame Wave.
You are very lightly contaminated with residual magic.
Nothing appears to happen.
* * * LOW HITPOINT WARNING * * *
The orc wizard closely misses you.
Casting: Flame Wave (astonishingly dangerous; 43% risk of failure)
Confirm with . or Enter, or press ? or * to list all spells.
You don't have enough health to cast this spell.
Unknown command.
Unknown command.
Casting: Flame Wave (astonishingly dangerous; 43% risk of failure)
Confirm with . or Enter, or press ? or * to list all spells.
You don't know that spell.
Casting: Flame Wave (astonishingly dangerous; 43% risk of failure)
Confirm with . or Enter, or press ? or * to list all spells.
Flames lash the orc wizard.
The orc wizard is severely wounded.
The orc wizard's fire resistance burns away.
* * * LOW HITPOINT WARNING * * *
The orc wizard casts a spell.
The orc wizard flickers and vanishes!
Deactivating autopickup; reactivate with Ctrl-A.
You hit something. Something hits you.
You die...

# ##.#..#..# #. #...#....#
##.### ##### #.#..#...#
......###... ...#..#..# >
......... #...#...## ...
#...##.# #.#..#..#
....#...##.# #..#..#.#
...........### #...#...#
...........{@######.#..#..#
...........#.........#..#.##
..#.....†..######.#...#....#
. ###...#### #.#.#..#...#
....## #.#..#..#..# #####
#.#........# #..........#
############


There were no monsters in sight!

Vanquished Creatures
  2 adders
  A worm (D:2)
  2 dart slugs
  3 endoplasms
  3 giant cockroaches (D:1)
  9 goblins
  7 hobgoblins
  6 jackals
  A quokka (D:2)
  3 ball pythons (D:1)
  4 bats
  4 frilled lizards
  A kobold (D:1)
  2 rats
48 creatures vanquished.

Vanquished Creatures (others)
  105 foxfires
  3 plants (D:1)
  4 toadstools (D:1)
112 creatures vanquished.

Grand Total: 160 creatures vanquished

Notes
Turn   | Place    | Note
-------+----------+-------------------------------------------
     0 | D:1      | TDK the Djinni Fire Elementalist began the quest for the
                  | Orb.
     0 | D:1      | TDK set off with the following spells memorised: Foxfire,
                  | Scorch, Conjure Flame, Inner Flame, Flame Wave.
     0 | D:1      | Reached XP level 1. HP: 15/15 MP: 0/0
   101 | D:1      | Reached XP level 2. HP: 18/21 MP: 0/0
   410 | D:1      | Reached XP level 3. HP: 5/25 MP: 0/0
   410 | D:1      | Learned a level 1 spell: Slow
   478 | D:1      | HP: 1/25 [rat (2)]
  1261 | D:2      | Reached XP level 4. HP: 22/31 MP: 0/0
  2544 | D:3      | Slain by an orc wizard

Illustrated notes

Levels and vault maps discovered:
D:1:      ldierk_walled_garden_2, layout_rooms
D:2:      layout_basic
D:3:      layout_loops_ring, nrook_campfire, minmay_misc_feat_diagonals,
          minmay_ogre_servants

Skill      XL: |  1  2  3  4 |
---------------+-------------+-----
Stealth        | 2 |  2.5
Dodging        | 3 |  3.1
Spellcasting   | 3 |  3.0
Invocations    | |  0.4
Evocations     | |  0.4

Action                   |  1- 3 |  4- 6 || total
-------------------------+-------+-------++-------
Melee: Dagger            |    21 |       ||    21
       Short sword       |     2 |    13 ||    15
Throw: Stone             |     1 |       ||     1
 Cast: Foxfire           |    40 |    29 ||    69
       Conjure Flame     |       |     2 ||     2
       Scorch            |       |     1 ||     1
  Use: Scroll            |     1 |     1 ||     2
 Stab: Sleeping          |       |     1 ||     1
Armor: Robe              |     4 |     4 ||     8
Dodge: Dodged            |    33 |    21 ||    54
